 Dungeon Crawl Stone Soup version 0.23-a0-326-gb49dddc804 (webtiles) character file.

2123 Napalmbreeze the Caller (level 9, -2/103 HPs)
             Began as a Barachi Ice Elementalist on Oct 16, 2018.
             Was a Follower of Vehumet.
             Slain by a killer bee (4 damage)
             ... on level 7 of the Dungeon.
             The game lasted 00:26:16 (9228 turns).

Napalmbreeze the Caller (Barachi Ice Elementalist)  Turns: 9228, Time: 00:26:18

Health: -2/103     AC: 24    Str: 10    XL:     9   Next: 29%
Magic:  11/17      EV:  2    Int: 18    God:    Vehumet [*.....]
Gold:   327        SH:  0    Dex: 13    Spells: 10/19 levels left

rFire    . . .     SeeInvis .   h - +2 whip (venom)
rCold    . . .     Gourm    .   (no shield)
rNeg     + + +     Faith    .   (armour currently unavailable)
rPois    +         Spirit   .   (helmet currently unavailable)
rElec    .         Reflect  .   (cloak currently unavailable)
rCorr    +         Harm     .   (gloves currently unavailable)
MR       .....     NoTele   +   (boots currently unavailable)
Stlth    ++........             (no amulet)
HPRegen  0.27/turn              t - +6 ring of evasion
MPRegen  0.15/turn              n - ring of resist corrosion

@: tree-form
A: +LOS, swims
a: Renounce Religion


You were on level 7 of the Dungeon.
You worshipped Vehumet.
Vehumet was aware of your devotion.
You were not hungry.
You were a tree.
You visited 2 branches of the dungeon, and saw 8 of its levels.

You collected 327 gold pieces.

Inventory:

Hand Weapons
 b - a +0 dagger
 h - a +2 whip of venom (weapon)
Missiles
 d - 12 javelins (quivered)
Armour
 a - a +0 robe (melded)
 g - a cursed +0 leather armour
 p - a +2 hat (melded)
 u - a +0 pair of boots (melded)
 E - a +0 cloak (melded)
Magical Staves
 r - an uncursed staff of summoning
Jewellery
 n - a ring of resist corrosion (right branch)
 t - a +6 ring of evasion (left branch)
 v - an uncursed ring of flight
 F - an uncursed amulet of rage
Wands
 D - a wand of digging (6)
Scrolls
 i - 5 scrolls of identify
 l - a scroll of enchant armour
 o - a scroll of enchant weapon {unknown}
 w - a scroll of immolation {unknown}
 x - a scroll of fog
 y - a scroll of noise {unknown}
 G - a scroll of fear {unknown}
Potions
 e - a potion of brilliance {unknown}
 f - a potion of curing
 j - a potion of flight
 k - a potion of might {unknown}
 m - a potion of mutation {unknown}
 q - 2 potions of heal wounds {unknown}
 s - a potion of agility {unknown}
 z - a potion of lignification
 B - a potion of degeneration {unknown}
 C - a potion of cancellation {unknown}
Comestibles
 c - 12 rations
 A - 5 chunks of flesh


   Skills:
 + Level 5.7 Fighting
 + Level 4.4 Maces & Flails
 - Level 3.0 Dodging
 - Level 1.7 Stealth
 + Level 5.5 Spellcasting
 - Level 1.1 Conjurations
 * Level 7.9 Summonings
 + Level 7.0 Ice Magic


You had 10 spell levels left.
You knew the following spells:

 Your Spells              Type           Power        Failure   Level  Hunger
a - Freeze                Ice            ####         1%          1    None
s - Throw Icicle          Conj/Ice       ###.....     24%         4    ####...
w - Summon Ice Beast      Ice/Summ       ####....     6%          4    ####...

Your spell library contained the following spells:

 Spells                   Type           Power        Failure   Level  Hunger
 Flame Tongue             Conj/Fire      #....        10%         1    None
 Throw Frost              Conj/Ice       ###...       3%          2    #......
 Recall                   Summ/Tloc      N/A          8%          3    ##.....
 Ozocubu's Armour         Chrm/Ice       ###.....     9%          3    ##.....
 Confusing Touch          Hex            #.....       13%         1    None
 Confuse                  Hex            #.......     36%         3    ##.....
 Gell's Gravitas          Tloc           #.........   36%         3    ##.....
 Metabolic Englaciation   Hex/Ice        ###.......   63%         5    ######.
 Animate Dead             Necr           N/A          77%         4    ####...
 Petrify                  Tmut/Erth      #.......     77%         4    ####...
 Borgnjor's Vile Clutch   Necr/Erth      #.........   98%         5    ######.
 Yara's Violent Unravell  Hex/Tmut       #.........   98%         5    ######.
 Simulacrum               Ice/Necr       ###.......   99%         6    #######
 Death Channel            Necr           #.........   100%        6    #######


Dungeon Overview and Level Annotations

Branches:
Dungeon (7/15)             Temple (1/1) D:6

Altars:
Ashenzari
Cheibriados
Dithmenos
Fedhas
Gozag
Hepliaklqana
Kikubaaqudgha
Makhleb
Okawaru
Trog
Uskayaw
Vehumet
Wu Jian
Xom
Yredelemnul
Zin

Shops:
D:6 =


Innate Abilities, Weirdness & Mutations

Shadows flee at your approach. (+LOS)
You can swim through water.
((You cover ground slowly.))
((You can hop short distances.))


Message History

The killer bee stings you.
* * * LOW HITPOINT WARNING * * *
The killer bee stings you but does no damage.
The killer bee stings you.
* * * LOW HITPOINT WARNING * * *
The killer bee stings you but does no damage. x2
You miss the killer bee.
The killer bee is severely wounded.
The killer bee completely misses you. The killer bee stings you.
* * * LOW HITPOINT WARNING * * *
The killer bee stings you.
* * * LOW HITPOINT WARNING * * *
The killer bee stings you but does no damage. x7
You closely miss the killer bee.
The killer bee is severely wounded.
The killer bee stings you.
* * * LOW HITPOINT WARNING * * *
The killer bee stings you but does no damage. x2
The killer bee stings you.
You die...

#.#...................
#. #..................
#..#..................
#.#..................
#................!...
###.<................
#§§b§§.............
##§yyy§.............
#.§§♣y§........=#.
#.§§y####...........
##.§#§# #............
##..##.# #............
##...##.#..............
#...###.....#...#..##..
#...# ##..#.#.....#.. .
##...#.....#...####..#.
####....#.##......# .##


You could see 5 killer bees and a bat.

Vanquished Creatures
  An orc warrior (D:6)
  2 phantoms
  A bullfrog (D:6)
  A scorpion (D:5)
  4 killer bees (D:7)
  3 howler monkeys (D:7)
  4 crimson imps
  2 jellies (D:5)
  A hound (D:5)
  A centaur skeleton (D:6)
  2 orc wizards
  A bullfrog skeleton (D:7)
  2 iguanas
  Natasha (thrice) (D:2)
  3 worker ants
  Robin (D:3)
  4 gnolls (D:6)
  7 adders
  A shadow imp (D:5)
  A worm (D:5)
  2 dart slugs (D:1)
  2 leopard geckos
  16 orcs
  A giant cockroach (D:1)
  11 hobgoblins
  2 jackals (D:1)
  A ball python (D:1)
  3 bats
  5 frilled lizards
  10 goblins
  2 jackal zombies (D:5)
  8 kobolds
  A quokka zombie (D:5)
  6 rats
115 creatures vanquished.

Vanquished Creatures (collateral kills)
  Grinder (D:2)
  A hungry ghost (D:7)
  A sky beast (D:3)
  An ice beast (D:7)
  A phantom (D:4)
  An ogre (D:7)
  A black bear (D:6)
  2 centaurs
  A killer bee (D:7)
  A vampire bat (D:7)
  A howler monkey (D:7)
  A quasit (D:6)
  2 orc priests (D:5)
  An orc wizard (D:4)
  An iguana (D:7)
  3 worker ants
  3 gnolls (D:6)
  An adder (D:7)
  An ooze (D:4)
  An adder skeleton (D:5)
  A dart slug (D:4)
  11 orcs
  2 bats (D:7)
  A giant cockroach (D:4)
  2 goblins (D:3)
  A quokka (D:7)
  A frilled lizard (D:4)
45 creatures vanquished.

Vanquished Creatures (others)
  A bush (D:4)
1 creature vanquished.

Grand Total: 161 creatures vanquished

Notes
Turn   | Place    | Note
-------+----------+-------------------------------------------
     0 | D:1      | Napalmbreeze the Barachi Ice Elementalist began the quest
                  | for the Orb.
     0 | D:1      | Reached XP level 1. HP: 13/13 MP: 3/3
   423 | D:1      | Reached XP level 2. HP: 20/20 MP: 0/5
   666 | D:1      | Reached skill level 1 in Fighting
  1126 | D:1      | Reached XP level 3. HP: 19/26 MP: 6/6
  1798 | D:2      | Noticed Natasha
  1892 | D:2      | Found a blossoming altar of Fedhas.
  1977 | D:2      | Found a burning altar of Makhleb.
  1984 | D:2      | Reached XP level 4. HP: 33/33 MP: 3/8
  1991 | D:2      | Learned a level 4 spell: Summon Ice Beast
  2140 | D:2      | Killed Natasha
  2140 | D:2      | Reached skill level 1 in Summonings
  2404 | D:2      | Noticed Natasha
  2414 | D:3      | Noticed a bullfrog
  2415 | D:3      | Noticed Grinder
  2465 | D:2      | Killed Natasha
  2465 | D:2      | Reached XP level 5. HP: 20/39 MP: 3/9
  2521 | D:2      | Noticed Natasha
  2528 | D:2      | Killed Natasha
  2811 | D:3      | Found a bloodstained altar of Trog.
  2831 | D:3      | Noticed a sky beast
  2849 | D:3      | Killed a sky beast
  2908 | D:2      | Paralysed by Grinder for 3 turns
  3074 | D:2      | Paralysed by Grinder for 4 turns
  3092 | D:2      | Paralysed by Grinder for 2 turns
  3105 | D:2      | Paralysed by Grinder for 4 turns
  3155 | D:2      | Paralysed by Grinder for 4 turns
  3344 | D:3      | Learned a level 4 spell: Throw Icicle
  3393 | D:3      | Noticed Robin
  3402 | D:3      | Reached XP level 6. HP: 44/47 MP: 11/11
  3406 | D:3      | Killed Robin
  4099 | D:2      | Killed Grinder
  4099 | D:2      | Reached skill level 1 in Maces & Flails
  4099 | D:2      | Reached skill level 5 in Ice Magic
  4239 | D:4      | Reached XP level 7. HP: 45/52 MP: 7/12
  4598 | D:4      | Found a radiant altar of Vehumet.
  4787 | D:4      | Found a blossoming altar of Fedhas.
  6088 | D:5      | Entered Level 5 of the Dungeon
  6106 | D:5      | Reached skill level 5 in Summonings
  6471 | D:5      | Reached XP level 8. HP: 60/60 MP: 12/14
  7762 | D:6      | Found a staircase to the Ecumenical Temple.
  7789 | Temple   | Entered the Ecumenical Temple
  8052 | D:4      | Became a worshipper of Vehumet
  8089 | D:6      | Found Jeymueni's Jewellery Boutique.
  8603 | D:6      | Reached skill level 5 in Fighting
  8784 | D:6      | Reached skill level 5 in Spellcasting
  8798 | D:6      | Found an ancient bone altar of Kikubaaqudgha.
  8919 | D:7      | Found a glowing silver altar of Zin.
  9025 | D:7      | Reached XP level 9. HP: 41/68 MP: 1/16
  9035 | D:7      | Reached * piety under Vehumet
  9035 | D:7      | Offered knowledge of Flame Tongue by Vehumet.
  9228 | D:7      | HP: 2/103 [killer bee (6)]
  9228 | D:7      | Slain by a killer bee

Vault maps used:
D:1:      saegor_arrival_simple_a, serial_glass, glass_columns_b,
          glass_columns_c, glass_columns_b, glass_columns_b, glass_columns_b,
          glass_columns_a, glass_columns_b, glass_columns_b,
          minmay_misc_feat_more_columns
D:2:      makhleb_grotto_becter, marbit_many_paths, uniq_natasha
D:3:      overflow_temple_1_default, first_ration, uniq_robin, uniq_grinder
D:4:      minmay_opposing_rooms, nicolae_overflow_hidden_temple,
          fedhas_bush_and_centaur_altar
D:6:      lemuel_coloured_pillars_altar, minmay_temple_entry_statues_pillars,
          serial_shops, shop, patterned_corridor
D:7:      kennysheep_mini, grunt_ogre_cave, roderic_batcave
Temple:   jpeg_temple_alley_garden

Skill      XL: |  1  2  3  4  5  6  7  8  9 |
---------------+----------------------------+-----
Fighting       | 1 2 3 4 5 |  5.7
Ice Magic      | 4 5 6 7 |  7.0
Dodging        | 3 |  3.0
Spellcasting   | 3 4 5 |  5.5
Summonings     | 1 2 3 5 7 |  7.9
Maces & Flails | 1 2 3 4 |  4.4
Stealth        | |  1.7
Conjurations   | |  1.1

Action                   |  1- 3 |  4- 6 |  7- 9 || total
-------------------------+-------+-------+-------++-------
Melee: Dagger            |    76 |    22 |       ||    98
       Whip              |       |    47 |   318 ||   365
       Staff             |       |     1 |       ||     1
 Cast: Freeze            |    41 |    27 |     6 ||    74
       Summon Ice Beast  |       |     6 |    33 ||    39
 Abil: Hop               |     1 |     2 |     1 ||     4
  Use: Scroll            |       |     4 |     2 ||     6
       Potion            |       |       |     3 ||     3
 Stab: Sleeping          |     2 |     2 |     3 ||     7
       Distracted        |       |       |     2 ||     2
  Eat: Chunk             |     2 |     3 |    19 ||    24
       Ration            |     1 |     2 |     2 ||     5
Armor: Robe              |    24 |    11 |    52 ||    87
       Skin              |       |       |    56 ||    56
Dodge: Dodged            |    82 |    93 |   310 ||   485

Table legend:
 A = Non-vault XP
 B = Vault XP
 C = Vault XP percentage of total XP
 D = Non-vault monster count
 E = Vault monster count
 F = Vault count percentage of total count
                 A         B        C        D         E       F
            +---------+---------+-------+---------+---------+-------
      Total |    2510 |     524 |  17.3 |     134 |      26 |  16.2
            +---------+---------+-------+---------+---------+-------
        D:1 |      39 |       0 |   0.0 |      23 |       0 |   0.0
        D:2 |     104 |     318 |  75.4 |      15 |       4 |  21.1
        D:3 |     110 |      33 |  23.1 |      15 |      11 |  42.3
        D:4 |     266 |     142 |  34.8 |      18 |       8 |  30.8
        D:5 |     579 |       0 |   0.0 |      24 |       0 |   0.0
        D:6 |     593 |       0 |   0.0 |      19 |       0 |   0.0
        D:7 |     819 |      31 |   3.6 |      20 |       3 |  13.0
            +---------+---------+-------+---------+---------+-------
